 Dungeon Crawl Stone Soup version 0.28.0 (webtiles) character file.

Game seed: 17016106794179564440

72 croobank the Stinger (level 4, -2/21 HPs)
             Began as a Vine Stalker Venom Mage on Feb 5, 2022.
             Slain by Natasha (8 damage)
             ... on level 2 of the Dungeon.
             The game lasted 00:07:00 (1637 turns).

croobank the Stinger (Vine Stalker Venom Mage)      Turns: 1637, Time: 00:07:00

Health: -2/21      AC:  2    Str: 10    XL:     4   Next: 25%
Magic:  0/9        EV: 12    Int: 17    God:
Gold:   59         SH:  0    Dex: 15    Spells: 2/8 levels left

rFire   . . .      SeeInvis .   f - +0 long sword
rCold   . . .      Faith    .   (no shield)
rNeg    . . .      Spirit   +   a - +0 robe
rPois   .          Reflect  .   (no helmet)
rElec   .          Harm     .   (no cloak)
rCorr   .          Rampage  .   (no gloves)
Will    .....                   (no boots)
Stlth   ++........              (no amulet)
HPRegen 0.87/turn               (no ring)
MPRegen 0.11/turn               (no ring)

@: no status effects
A: fangs 2, regeneration 1, magic shield, antimagic bite, no potion heal 2
a: no special abilities


You were on level 2 of the Dungeon.
You visited 1 branch of the dungeon, and saw 2 of its levels.

You collected 59 gold pieces.

Inventory:

Hand Weapons
 f - a +0 long sword (weapon)
Missiles
 b - 18 arrows
 c - 19 sling bullets
 d - 73 stones
 g - 6 curare-tipped darts (quivered)
 i - 32 bolts
 o - 3 poisoned darts
Armour
 a - a +0 robe (worn)
 k - a +0 ring mail
Scrolls
 e - a scroll of identify {unknown}
 h - a scroll of fear {unknown}
 m - a scroll of noise {unknown}
Potions
 j - 2 potions of attraction {unknown}
 l - a potion of lignification {unknown}
 n - a potion of berserk rage {unknown}


   Skills:
 + Level 0.2 Fighting
 + Level 1.0 Long Blades
 + Level 0.3 Throwing
 + Level 1.8 Dodging
 + Level 2.9 Stealth
 + Level 2.7 Spellcasting
 + Level 1.7 Transmutations
 + Level 0.1 Air Magic
 + Level 3.4 Poison Magic


You had 2 spell levels left.
You knew the following spells:

 Your Spells              Type           Power      Damage    Failure   Level
a - Sting                 Tmut/Pois      44%        1d5       6%          1
b - Poisonous Vapours     Pois/Air       16%        N/A       13%         2
c - Mephitic Cloud        Conj/Pois/Air  6%         N/A       32%         3

Your spell library contained the following spells:

 Spells                   Type           Power      Damage    Failure   Level
 Olgreb's Toxic Radiance  Pois           14%        N/A       38%         4
 Ozocubu's Armour         Ice            2%         N/A       47%         3
 Ozocubu's Refrigeration  Ice            1%         4d5       100%        7


Dungeon Overview and Level Annotations

Branches:
Dungeon (2/15)

Altars:

Shops:
D:2 (

Annotations:
D:2 Natasha, Terence


Innate Abilities, Weirdness & Mutations

You have extremely sharp teeth.
Your natural rate of healing is unusually fast.
When hurt, damage is shared between your health and your magic reserves.
Your bite disrupts and absorbs the magic of your enemies.
Potions cannot restore your health.


Message History

Natasha, Servant of Life and Death comes into view.
Natasha stares at you and mumbles some strange words.
The magic dart hits you!
Casting: Sting (safe; 6% risk of failure)
Confirm with . or Enter, or press ? or * to list all spells.
Aiming: Sting (safe; 6% risk of failure)
Press: ? - help, Shift-Dir - straight line, f - Natasha
Aim: Natasha (64% to hit)
The sting hits Natasha.
Natasha is poisoned.
Natasha is moderately wounded.
Natasha drinks a potion.
Natasha is healed!
Natasha looks more healthy.
You slash Natasha!
Natasha is heavily wounded.
Natasha claws you! Natasha claws you.
Unknown command.
You barely miss Natasha. Your bite misses Natasha.
Natasha is heavily wounded.
Natasha claws you!
* * * LOW HITPOINT WARNING * * *
Casting: Sting (safe; 6% risk of failure)
Confirm with . or Enter, or press ? or * to list all spells.
You don't have enough magic to cast this spell.
Okay, then.
Natasha casts a spell.
Natasha extends her claws.
There is a stone staircase leading down here.
Casting: Sting (safe; 6% risk of failure)
Confirm with . or Enter, or press ? or * to list all spells.
Aiming: Sting (safe; 6% risk of failure)
Press: ? - help, Shift-Dir - straight line, f/p - Natasha
Aim: Natasha (heavily wounded, 64% to hit)
The sting hits Natasha.
Natasha is poisoned.
Natasha is heavily wounded.
Natasha misses you.
You hit Natasha.
Natasha is severely wounded.
Natasha claws you.
* * * LOW HITPOINT WARNING * * *
Natasha claws you!
You die...

###....### ####.# #.### (.
#...# .. ###.### . #....
#.## ##... #.#. #########
#.#. #..<#######.@.....###
#..#.
#...5...)#h#####...#####.##.
##..####5..# ###.....####.
##.# ##..# #####...##. #h#
#...## ###..## ... ###..##
##.## ..... ##..# #...
....... #### #... ....hh...
#...


You could see an iron imp (summoned) and Natasha (poisoned).

Vanquished Creatures
  Natasha (D:2)
  An adder (D:2)
  2 endoplasms (D:1)
  A giant cockroach (D:1)
  4 goblins
  3 hobgoblins
  10 jackals
  2 quokkas (D:1)
  A bat (D:2)
  A frilled lizard (D:1)
  2 kobolds (D:1)
  7 rats (D:1)
35 creatures vanquished.

Notes
Turn   | Place    | Note
-------+----------+-------------------------------------------
     0 | D:1      | croobank the Vine Stalker Venom Mage began the quest for
                  | the Orb.
     0 | D:1      | Reached XP level 1. HP: 9/9 MP: 4/4
   239 | D:1      | Reached XP level 2. HP: 6/13 MP: 3/6
  1137 | D:1      | Reached XP level 3. HP: 9/16 MP: 2/7
  1317 | D:1      | Learned a level 2 spell: Poisonous Vapours
  1321 | D:1      | Learned a level 3 spell: Mephitic Cloud
  1338 | D:2      | Found Guruq's Antique Weapon Boutique.
  1570 | D:2      | Noticed Natasha
  1572 | D:2      | Noticed Terence
  1614 | D:2      | Killed Natasha
  1615 | D:2      | Reached skill level 1 in Long Blades
  1615 | D:2      | Gained mutation: Your natural rate of healing is unusually
                  | fast. [Vine Stalker growth]
  1615 | D:2      | Reached XP level 4. HP: 10/21 MP: 9/9
  1624 | D:2      | Noticed Natasha
  1637 | D:2      | Slain by Natasha

Illustrated notes

Levels and vault maps discovered:
D:1:      onia_arrival_handbag, layout_rooms
D:2:      layout_rooms, basic_altar, serial_shops, shop,
          nicolae_figureground_pulse, uniq_crazy_yiuf_cottage, uniq_terence,
          uniq_natasha

Skill      XL: |  1  2  3 |
---------------+----------+-----
Long Blades    | 1 |  1.0
Fighting       | |  0.2
Throwing       | |  0.3
Dodging        | |  1.8
Stealth        | |  2.9
Spellcasting   | |  2.7
Transmutations | |  1.7
Air Magic      | |  0.1
Poison Magic   | |  3.4

Action                   |  1- 3 |  4- 6 || total
-------------------------+-------+-------++-------
Melee: Unarmed           |     8 |       ||     8
       Long sword        |    55 |     5 ||    60
       Bite              |    15 |       ||    15
       Punch             |     1 |       ||     1
Throw: Dart              |     2 |       ||     2
 Cast: Sting             |    21 |     3 ||    24
       Poisonous Vapours |     2 |       ||     2
 Stab: Sleeping          |     2 |       ||     2
Armor: Robe              |    18 |       ||    18
Dodge: Dodged            |    61 |     2 ||    63
